 Dungeon Crawl Stone Soup version 0.16-a0-2675-g216447c (console) character file.

10572 nht the Bludgeoner (level 11, -3/156 HPs)
             Began as an Ogre Berserker on Nov 24, 2014.
             Was a Priest of Trog.
             Slain by a giant frog (6 damage)
             ... on level 11 of the Dungeon.
             The game lasted 00:16:51 (10589 turns).

nht the Bludgeoner (Ogre Berserker)                Turns: 10589, Time: 00:16:51

Health: -3/156     AC:  6    Str: 32    XL:     11   Next: 64%
Magic:  3/3        EV: 10    Int:  6    God:    Trog [***...]
Gold:   554        SH:  0    Dex: 12    Spells: 0 memorised, 10 levels left

rFire  + . .     SeeInvis .     a - +3 great mace (antimagic)
rCold  + . .     Clarity  +     b - +1 animal skin
rNeg   . . .     SustAb   .     (shield restricted)
rPois  +         Gourm    .     (helmet restricted)
rElec  +         Spirit   .     (no cloak)
rCorr  +         Warding  .     (gloves unavailable)
rMut   .         Stasis   .     (boots unavailable)
MR     ++++.                    y - amulet of clarity
Stlth  ..........               t - +2 ring of protection
                                I - +3 ring of dexterity

@: berserking, resistant, regenerating, very quick, incredibly resistant to
hostile enchantments, extremely unstealthy
A: unfitting armour, magic resistance 1, tough skin 1
a: Burn Spellbooks, Berserk, Trog's Hand, Renounce Religion


You were on level 11 of the Dungeon.
You worshipped Trog.
Trog was most pleased with you.
You were hungry.

You visited 1 branch of the dungeon, and saw 11 of its levels.
You also visited: Ossuary.

You collected 554 gold pieces.

Inventory:

Hand weapons
 a - a +3 antimagic great mace (weapon)
 v - a +0 giant spiked club
 A - the +5 short sword "Murmur" {pierce, SInv Stlth+, unknown}
   (You found it on level 6 of the Dungeon)

   It inflicts extra damage upon your enemies.
   It enhances your eyesight.
   It makes you more stealthy.
Missiles
 i - 7 javelins
 m - a throwing net
 s - 9 large rocks
 C - 9 tomahawks (quivered)
Armour
 b - a +1 animal skin (worn)
Jewellery
 e - an uncursed ring of flight
 t - a +2 ring of protection (right hand)
 y - an amulet of clarity (around neck)
 I - a +3 ring of dexterity (left hand)
Magical devices
 r - a wand of cold (0)
 B - a wand of hasting (4)
Scrolls
 f - 4 scrolls of remove curse
 j - 7 scrolls of teleportation
 k - 3 scrolls of enchant armour
 l - 3 scrolls of blinking
 q - 3 scrolls of fear
 w - 4 scrolls of fog
 x - 3 scrolls of enchant weapon
 H - 3 scrolls of magic mapping
Potions
 g - 6 potions of heal wounds
 n - a potion of might
 p - 4 potions of curing
 u - 4 potions of cancellation
 z - 2 potions of magic
 D - a potion of cure mutation
 E - 2 potions of invisibility
 F - 3 potions of agility
Comestibles
 c - 6 meat rations
 d - 3 beef jerkies
 h - 5 bread rations
 o - 2 royal jellies


   Skills:
 + Level 5.5 Fighting
 + Level 18.9 Maces & Flails
 + Level 8.6 Throwing
 + Level 2.8 Armour
 - Level 1.7 Dodging


You had 10 spell levels left.
You didn't know any spells.

Dungeon Overview and Level Annotations

Branches:
Dungeon (11/15)            Temple (0/1) D:7            Lair (0/8) D:10
    Orc (0/4) D:11

Altars:
Ashenzari
Cheibriados
Dithmenos
Elyvilon
Gozag
Kikubaaqudgha
Nemelex Xobeh
Okawaru
Ru
Trog
Vehumet
Yredelemnul
Zin
The Shining One

Shops:
D:9 =:=}}


Innate Abilities, Weirdness & Mutations

You are too large for most types of armour.
You have tough skin (AC +1).
You are resistant to hostile enchantments.


Message History

The centaur warrior hits you!
* * * LOW HITPOINT WARNING * * *
The centaur hits you but does no damage.
The orc barely misses you.
You are feeling hungry.
You bludgeon the centaur warrior!!
You feel the power of Trog in you as your rage grows.
You kill the centaur warrior!
Trog accepts your kill.
Your life force feels restored.
The centaur barely misses you. The centaur hits you.
* * * LOW HITPOINT WARNING * * *
You sock the centaur!
The centaur is heavily wounded.
The centaur hits you!
* * * LOW HITPOINT WARNING * * *
The centaur hits you!
* * * LOW HITPOINT WARNING * * *
The giant frog hits you.
You die... ████████████████████

.....................
...........█(...██..
...........█....█ .
...........█....█ ..█
................█ ...█
................█ ....█
.........██████(██.......
.........█ █c@Fc......
......>..█ █Ccco......
........█ █.........
.......██ ███████..█
)......█ .█ .......█
.......█ .......█
.......█ .......█
.......█


You could see a hill giant, a giant frog, 4 centaurs and an orc.

Vanquished Creatures
  A hydra (D:11)
  A centaur warrior (D:11)
  A necromancer (D:10)
  The ghost of hackum the Shield-Bearer, an experienced OpFi (D:6)
  A troll (D:9)
  A boulder beetle (D:8)
  2 shadows (D:10)
  2 deep elf magi
  A flying skull (D:10)
  Eustachio (D:8)
  3 hippogriffs
  3 yaks (D:9)
  4 wargs (D:11)
  An orc warrior (D:7)
  A sky beast (D:5)
  3 necrophages
  4 ice beasts
  A black bear (D:9)
  A water moccasin (D:9)
  5 centaurs
  4 ogres
  An elf zombie (Ossuary)
  A big kobold (D:10)
  11 giant frogs
  5 scorpions
  A wyvern skeleton (D:10)
  3 killer bees (D:8)
  3 wights
  4 crimson imps
  2 giant frog zombies
  2 goliath beetles (D:6)
  2 human zombies (Ossuary)
  2 quasits (D:8)
  5 orc priests
  2 giant frog skeletons
  A centaur skeleton (D:10)
  7 orc wizards
  2 iguanas
  8 hounds
  5 worker ants
  3 hound skeletons
  3 mummies
  10 adders
  A shadow imp (D:7)
  3 worms
  3 giant mites
  An adder zombie (Ossuary)
  2 adder skeletons
  8 giant geckos
  5 oozes
  39 orcs
  3 ball pythons
  2 bat skeletons (D:4)
  5 giant cockroaches
  14 hobgoblins
  16 jackals
  6 quokkas
  13 bats
  A giant gecko skeleton (D:7)
  6 giant newts
  17 goblins
  5 goblin zombies
  13 hobgoblin zombies (Ossuary)
  26 kobolds
  6 kobold zombies (Ossuary)
  8 orc zombies (Ossuary)
  A quokka zombie (D:5)
  13 rats
  2 rat zombies (Ossuary)
344 creatures vanquished.

Vanquished Creatures (collateral kills)
  A necromancer (D:10)
  An elephant (D:10)
  2 centaur zombies (D:10)
  3 centaur skeletons (D:10)
  A two-headed ogre (D:9)
  A flying skull (D:10)
  A shadow (D:10)
  3 yaks
  A crocodile (D:10)
  A water moccasin zombie (D:10)
  A wyvern skeleton (D:10)
  8 wights
  2 goliath beetles (D:10)
  2 giant frog skeletons (D:10)
  A worker ant (D:10)
  A sheep (D:10)
  4 hound skeletons (D:10)
  3 worker ant zombies (D:10)
37 creatures vanquished.

Vanquished Creatures (others)
  2 two-headed ogres (D:10)
  2 black bears (D:11)
  3 ogres
7 creatures vanquished.

Grand Total: 388 creatures vanquished

Notes
Turn   | Place    | Note
--------------------------------------------------------------
     0 | D:1      | nht, the Ogre Berserker, began the quest for the Orb.
     0 | D:1      | Reached XP level 1. HP: 24/24 MP: 1/1
   113 | D:1      | Reached XP level 2. HP: 18/32 MP: 2/2
   244 | D:1      | Reached skill level 5 in Maces & Flails
   646 | D:1      | Reached XP level 3. HP: 18/39 MP: 3/3
   789 | D:1      | Acquired Trog's second power
  1054 | D:2      | Reached skill level 6 in Maces & Flails
  1095 | D:2      | Reached XP level 4. HP: 33/48 MP: 4/4
  1630 | D:2      | Reached skill level 7 in Maces & Flails
  1783 | D:3      | Reached XP level 5. HP: 34/54 MP: 5/5
  2010 | D:3      | Reached skill level 8 in Maces & Flails
  2609 | D:3      | Reached XP level 6. HP: 25/62 MP: 6/6
  2610 | D:3      | Acquired Trog's third power
  2704 | D:3      | Found a sparkling altar of Nemelex Xobeh.
  3078 | D:4      | Reached skill level 9 in Maces & Flails
  3352 | D:4      | Reached skill level 10 in Maces & Flails
  3352 | D:4      | Reached XP level 7. HP: 58/70 MP: 7/7
  3368 | D:4      | Found a bloodstained altar of Trog.
  3482 | D:4      | Gained mutation: You are resistant to hostile enchantments. [potion of beneficial mutation]
  3482 | D:4      | HP: 3/70 [poisoned by a worker ant]
  3656 | D:4      | Reached skill level 11 in Maces & Flails
  3757 | D:5      | Entered Level 5 of the Dungeon
  3757 | D:5      | Found a white marble altar of Elyvilon.
  3804 | D:5      | Found a radiant altar of Vehumet.
  3810 | D:5      | Found an ancient bone altar of Kikubaaqudgha.
  3813 | D:5      | Found a shadowy altar of Dithmenos.
  3816 | D:5      | Found a glowing silver altar of Zin.
  3847 | D:5      | Reached XP level 8. HP: 78/78 MP: 8/8
  3937 | D:5      | Reached skill level 12 in Maces & Flails
  4214 | D:5      | Found a shattered altar of Ashenzari.
  4247 | D:5      | Found a sand-covered staircase.
  4254 | Ossuary  | Entered an ossuary
  4376 | Ossuary  | Reached skill level 13 in Maces & Flails
  4705 | D:6      | Noticed hackum's ghost (experienced OpFi)
  4712 | D:6      | Killed hackum's ghost
  4712 | D:6      | Reached skill level 14 in Maces & Flails
  4712 | D:6      | Reached XP level 9. HP: 80/84 MP: 9/9
  5200 | D:6      | Received a gift from Trog
  5210 | D:6      | Got a crude short sword
  5761 | D:7      | Reached skill level 15 in Maces & Flails
  6254 | D:7      | Found a staircase to the Ecumenical Temple.
  6286 | D:7      | Found a sacrificial altar of Ru.
  6441 | D:7      | Found a basalt altar of Yredelemnul.
  6529 | D:8      | Reached skill level 16 in Maces & Flails
  6800 | D:8      | Found a glowing golden altar of the Shining One.
  6828 | D:8      | Found a snail-covered altar of Cheibriados.
  6867 | D:8      | Found a sacrificial altar of Ru.
  6905 | D:8      | Noticed Eustachio
  6907 | D:8      | Found an opulent altar of Gozag.
  6945 | D:8      | Killed Eustachio
  6945 | D:8      | Received a gift from Trog
  6945 | D:8      | Reached XP level 10. HP: 36/92 MP: 10/10
  7163 | D:8      | Found an iron altar of Okawaru.
  7184 | D:8      | Reached skill level 1 in Throwing
  7198 | D:8      | Reached skill level 17 in Maces & Flails
  7239 | D:8      | Found a shadowy altar of Dithmenos.
  7815 | D:9      | Found Ylushruz's Book Emporium.
  7826 | D:9      | Found Ijic Blu's Jewellery Boutique.
  7858 | D:9      | Found Fac Henu's Gadget Emporium.
  7873 | D:9      | Found Twerhibe's Gadget Boutique.
  7885 | D:9      | Reached skill level 5 in Throwing
  8074 | D:9      | Found Baemneir's Jewellery Emporium.
  8360 | D:10     | Entered Level 10 of the Dungeon
  8545 | D:10     | Found a staircase to the Lair.
  8545 | D:10     | Noticed an elephant
  8549 | D:10     | Reached skill level 18 in Maces & Flails
  8561 | D:10     | Killed an elephant
  8613 | D:10     | Noticed a necromancer
  8614 | D:10     | Noticed a necromancer
  8619 | D:10     | Killed a necromancer
  8619 | D:10     | Reached XP level 11. HP: 63/100 MP: 3/11
  8629 | D:10     | Killed a necromancer
  9704 | D:11     | Noticed a seven-headed hydra
  9713 | D:11     | Killed a seven-headed hydra
  9863 | D:11     | Found a staircase to the Orcish Mines.
  9880 | D:11     | Received a gift from Trog
 10118 | D:11     | Reached skill level 5 in Fighting
 10574 | D:11     | Noticed a centaur warrior
 10577 | D:11     | Noticed a hill giant
 10588 | D:11     | Killed a centaur warrior
 10589 | D:11     | HP: 3/156 [centaur[a centaur warrior] (7)]
 10589 | D:11     | Slain by a giant frog

Action                   |  1- 3 |  4- 6 |  7- 9 | 10-12 || total
-------------------------+-------+-------+-------+-------++-------
Melee: Mace              |   104 |   161 |       |       ||   265
       Flail             |       |    49 |       |       ||    49
       Giant spiked club |       |    24 |   445 |       ||   469
       Great mace        |       |       |       |   244 ||   244
Throw: Large rock        |       |       |       |     4 ||     4
Invok: Berserk           |     2 |     7 |     9 |     5 ||    23
       Trog's Hand       |       |       |     1 |     5 ||     6
       Burn Spellbooks   |       |       |     1 |     2 ||     3
       Brothers in Arms  |       |       |       |    10 ||    10
Evoke: Wand              |       |       |       |     5 ||     5
  Use: Scroll            |       |     6 |     9 |     9 ||    24
       Potion            |       |       |     8 |     1 ||     9
  Eat: Chunk             |     2 |    27 |    11 |    17 ||    57
       Pizza             |       |       |       |     1 ||     1
       Beef jerky        |       |       |       |     1 ||     1
